 Dungeon Sprint DCSS version 0.31-a0-1036-g31867e143a (webtiles) character file.

Game seed: 9916083850697582776

2443 Conn the Martial Artist (level 9, -5/51 HPs)
             Began as an Octopode Fire Elementalist on Nov 19, 2023.
             Was a Believer of Sif Muna.
             Slain by a deep troll (18 damage)
             ... in the Dungeon (Sprint II: "The Violet Keep of Menkaure").
             The game lasted 00:11:10 (1520 turns).

Conn the Martial Artist (OpFE)                      Turns: 1520, Time: 00:11:11

Health: -5/51      AC:  1    Str:  8    XL:     9   Next: 49%
Magic:  5/21       EV: 18    Int: 21    God:    Sif Muna [**....]
Gold:   684        SH:  0    Dex: 16    Spells: 15/25 levels left

rFire   . .          .
                       - Unarmed
rCold   . . .        (no shield)
rNeg    . . .        (helmet restricted)
rPois   .            s - amulet of faith
rElec   .            e - +6 ring of dexterity
rCorr   .            m - +4 ring of slaying
SInv    .            (no ring)
Will    .....        (no ring)
Stlth   ++++         (no ring)
HPRegen 0.28/turn    (no ring)
MPRegen 0.17/turn    (no ring)
                     (no ring)

%: no teleportation, faith
@: mighty
A: almost no armour, amphibious, 8 rings, camouflage 1, gelatinous body 1,
nimble swimmer 1, tentacles, clumsy 1, subdued magic 1
a: Renounce Religion, Channel Magic


You were in the Dungeon.
You worshipped Sif Muna.
Sif Muna was pleased with you.
You visited 1 branch You collected 720 gold pieces.
You spent 36 gold pieces at shops.

Inventory:

Jewellery
 e - a +6 ring of dexterity (left tentacle)
 m - a +4 ring of slaying (right tentacle)
 s - an amulet of faith (around mantle)
Scrolls
 f - a scroll of blinking
 g - 5 scrolls of identify {unknown}
 l - a scroll of acquirement {unknown}
 q - a scroll of fear {unknown}
 r - a scroll of vulnerability {unknown}
 t - a scroll of amnesia {unknown}
Potions
 a - 5 potions of magic
 b - a potion of curing
 c - 3 potions of heal wounds
 d - a potion of lignification
 h - 2 potions of mutation {unknown}
 i - 3 potions of might
 j - 3 potions of resistance {unknown}
 k - 2 potions of degeneration {unknown}
 n - a potion of attraction {unknown}
 o - 3 potions of enlightenment {unknown}
 p - a potion of brilliance {unknown}


   Skills:
 + Level 8.8 Dodging
 - Level 2.6 Stealth
 - Level 11.2 Unarmed Combat
 * Level 8.5 Spellcasting
 * Level 8.9 Conjurations
 * Level 4.0 Hexes
 + Level 8.9 Fire Magic
 * Level 4.4 Invocations


You had 15 spell levels left.
You knew the following spells:

 Your Spells              Type           Power      Damage    Failure   Level
a - Foxfire               Conj/Fire      100%       2x1d9     1%          1
b - Scorch                Fire           70%        2d7       1%          2
c - Inner Flame           Hex/Fire       27%        N/A       1%          3
d - Flame Wave            Conj/Fire      35%        2d10      1%          4

Your spell library contained the following spells:

 Spells                   Type           Power      Damage    Failure   Level
 Volatile Blastmotes      Fire/Tloc      42%        2d13      2%          3


Dungeon Overview and Level Annotations

Branches:
Dungeon (1/1)

Altars:
Cheibriados
Dithmenos
Elyvilon
Fedhas
Gozag
Hepliaklqana
Kikubaaqudgha
Makhleb
Nemelex Xobeh
Okawaru
Qazlal
Ru
Sif Muna
Trog
Uskayaw
Vehumet
Wu Jian
Xom
Yredelemnul
Zin
The Shining One
Jiyva
Lugonu

Shops:
D !:=!(?[?:=((=[[

Annotations:
D exclusion: oklob plant, Roxanne


Innate Abilities, Weirdness & Mutations

You cannot wear most types of armour.
You are amphibious.
You can wear up to eight rings at the same time.
Your skin changes colour to match your surroundings (Stealth+).
Your rubbery body absorbs attacks. (AC +1, EV +1)
You are camouflaged when in or above water. (Stealth+)
You have tentacles for arms and can constrict up to eight enemies at once.
You are clumsy. (Dex -2)
Your spells are a little easier to cast, but a little less powerful.


Message History

Confirm with . or Enter, or press ? or * to list all spells.
You conjure some foxfire!
Unknown command.
Casting: Foxfire (safe; 1% risk of failure)
Confirm with . or Enter, or press ? or * to list all spells.
Aiming: Inner Flame (safe; 1% risk of failure)
Press: ? - help, Dir - move target, f - deep troll
Aim: a deep troll (ally target, chance to affect: 68%)
The deep troll struggles to resist.
The foxfire hits the deep troll.
The deep troll is lightly wounded.
The foxfire hits the deep troll.
The deep troll is lightly wounded.
The foxfire hits the deep troll.
The deep troll is lightly wounded.
The deep troll is engulfed in a cloud of scalding steam.
The foxfire hits the deep troll!
The deep troll is moderately wounded.
Unknown command.
Casting: Inner Flame (safe; 1% risk of failure)
Confirm with . or Enter, or press ? or * to list all spells.
Aiming: Inner Flame (safe; 1% risk of failure)
Press: ? - help, Dir - move target, f/p - deep troll
Aim: a deep troll (moderately wounded, chance to affect: 68%)
The deep troll is filled with an inner flame.
The flying skull gives a hideous shriek!
You hear a hideous shriek!
The yaktaur is engulfed in a cloud of scalding steam.
Casting: Inner Flame (safe; 1% risk of failure)
Confirm with . or Enter, or press ? or * to list all spells.
Okay, then.
Unknown command.
Unknown command.
Unknown command.
It was a potion of might.
You feel very mighty all of a sudden.
Casting: Inner Flame (safe; 1% risk of failure)
Confirm with . or Enter, or press ? or * to list all spells.
You conjure some foxfire!
The deep troll closely misses you. The deep troll barely misses you.
The deep troll claws you!!
You die...

.# #..# h#▓....[.).▓▓
.####.T##.#▓.)......▓▓
...###...##▓▓▓▓▓▓▓'▓▓▓▓+▓
.....~~~~~~~~~§~§~...≈≈≈▓
.....~#'########'###.≈≈≈▓
~~§..~#.._.....#cy~##≈≈≈▓
~~§~.~#._._....#~§≈≈####▓▓
§~~~~~#_._._...#T§§~≈##..#
≈≈≈~~~#._._._..#@~~≈§≈#..#
§≈≈≈≈~#_._._._.#vv§§§§§..+
≈###≈≈#._._._._#~~§§§§#..#
§# #≈≈#_._._._.#~~§§§≈▓..#
§# #≈≈#..._._._#§§§§▓▓▓▓▓▓▓
≈≈§≈§≈##########~§§§▓zzz≈≈≈
#####~~~~~~~~~≈≈≈≈▓zzz≈≈≈
≈≈###~########≈▓▓▓▓▓▓▓▓▓≈
≈≈≈##~ #▓


You could see a deep troll (inner flame, ally target), a yaktaur and a hornet.

Vanquished Creatures
  A deep troll (D)
  A merfolk siren (D)
  2 polar bears (D)
  A vampire mosquito (D)
  4 neqoxecs (D)
  Menkaure (D)
  4 water moccasins (D)
  2 worms (D)
16 creatures vanquished.

Vanquished Creatures (others)
  A water moccasin (D)
  138 foxfires (D)
  4 tentacles (D)
143 creatures vanquished.

Grand Total: 159 creatures vanquished

Notes
Turn   | Place    | Note
-------+----------+-------------------------------------------
     0 | D        | Conn the Octopode Fire Elementalist began the quest for the
                  | Orb.
     0 | D        | Reached XP level 1. HP: 11/11 MP: 3/3
     1 | D        | Noticed a merfolk siren
     6 | D        | Noticed a neqoxec
     6 | D        | Noticed a neqoxec
     9 | D        | Gained mutation: You are clumsy. (Dex -2) [a neqoxec]
    11 | D        | Killed a neqoxec
    12 | D        | Reached skill level 5 in Unarmed Combat
    12 | D        | Reached XP level 2. HP: 17/17 MP: 4/7
    12 | D        | Reached XP level 3. HP: 21/21 MP: 4/8
    12 | D        | Reached XP level 4. HP: 27/27 MP: 5/10
    12 | D        | Reached XP level 5. HP: 31/31 MP: 5/11
    14 | D        | Killed a merfolk siren
    15 | D        | Reached skill level 8 in Unarmed Combat
    15 | D        | Reached skill level 5 in Spellcasting
    15 | D        | Reached skill level 5 in Conjurations
    15 | D        | Reached XP level 6. HP: 35/36 MP: 5/14
    15 | D        | Reached XP level 7. HP: 39/41 MP: 5/15
    19 | D        | Killed a neqoxec
    20 | D        | Reached skill level 9 in Unarmed Combat
    29 | D        | Learned a level 2 spell: Scorch
    33 | D        | Learned a level 3 spell: Inner Flame
    38 | D        | Learned a level 4 spell: Flame Wave
    39 | D        | Found Fitien's Jewellery Emporium.
    39 | D        | Found Qusax's Antique Armour Emporium.
    39 | D        | Found Ruynyr's Antique Armour Shoppe.
    39 | D        | Found Isiworijad's Antique Weapon Emporium.
    40 | D        | Found Nyudi's Jewellery Shoppe.
    40 | D        | Found Wueno's Book Emporium.
    40 | D        | Found Mukuytid's Magic Scroll Shoppe.
    41 | D        | Found Plog's Antique Armour Emporium.
    41 | D        | Found Fodewn's Magic Scroll Shoppe.
    41 | D        | Found Beuczax's Weapon Shoppe.
    42 | D        | Found Ebyp Koe's Weapon Emporium.
    42 | D        | Noticed a neqoxec
    56 | D        | Noticed a neqoxec
    58 | D        | Killed a neqoxec
    58 | D        | Gained mutation: Your spells are a little easier to cast,
                  | but a little less powerful. [a neqoxec]
    65 | D        | Killed a neqoxec
    66 | D        | Reached skill level 10 in Unarmed Combat
    66 | D        | Reached XP level 8. HP: 39/46 MP: 5/18
    79 | D        | Found Roirgh's Distillery.
    79 | D        | Found Zuth's Jewellery Emporium.
    79 | D        | Noticed a great orb of eyes
    79 | D        | Noticed an oklob plant
    80 | D        | Found Ucinycom's Distillery.
    80 | D        | Found Tiudud's Book Shoppe.
    82 | D        | Noticed an iron elemental
    86 | D        | Noticed a cane toad
    87 | D        | Noticed a cane toad
    90 | D        | Bought a potion of lignification for 36 gold pieces
   103 | D        | Noticed Menkaure
   111 | D        | Killed Menkaure
   124 | D        | Noticed Roxanne
   133 | D        | Found a stormy altar of Qazlal.
   133 | D        | Found an ornate altar of the Wu Jian Council.
   134 | D        | Found a hazy altar of Hepliaklqana.
   134 | D        | Found a sacrificial altar of Ru.
   135 | D        | Found a viscous altar of Jiyva.
   135 | D        | Found a shimmering blue altar of Sif Muna.
   135 | D        | Found a shimmering altar of Xom.
   136 | D        | Found a snail-covered altar of Cheibriados.
   136 | D        | Found an ancient bone altar of Kikubaaqudgha.
   136 | D        | Found a bloodstained altar of Trog.
   137 | D        | Found a shadowy altar of Dithmenos.
   137 | D        | Found a corrupted altar of Lugonu.
   138 | D        | Found a white marble altar of Elyvilon.
   138 | D        | Found a burning altar of Makhleb.
   139 | D        | Found a blossoming altar of Fedhas.
   141 | D        | Found an opulent altar of Gozag.
   141 | D        | Found a glowing golden altar of the Shining One.
   141 | D        | Found a basalt altar of Yredelemnul.
   141 | D        | Found a hide-covered altar of Uskayaw.
   141 | D        | Found a sparkling altar of Nemelex Xobeh.
   142 | D        | Found a glowing silver altar of Zin.
   142 | D        | Found a radiant altar of Vehumet.
   142 | D        | Found an iron altar of Okawaru.
   147 | D        | Became a worshipper of Sif Muna the Loreminder
   161 | D        | Noticed a kraken
   170 | D        | Reached skill level 11 in Unarmed Combat
   170 | D        | Reached * piety under Sif Muna
   283 | D        | Noticed a flying skull
   290 | D        | Noticed a flying skull
   290 | D        | Noticed a flying skull
   291 | D        | Noticed a flying skull
   291 | D        | Noticed a flying skull
   291 | D        | Noticed a flying skull
   348 | D        | Noticed a deep troll
   349 | D        | Noticed a deep troll
  1227 | D        | Killed a deep troll
  1227 | D        | Reached ** piety under Sif Muna
  1228 | D        | Reached XP level 9. HP: 51/51 MP: 12/21
  1491 | D        | Noticed a yaktaur
  1491 | D        | Noticed a hornet
  1491 | D        | Noticed a polar bear
  1493 | D        | Noticed a polar bear
  1501 | D        | Killed a polar bear
  1512 | D        | Killed a polar bear
  1520 | D        | Slain by a deep troll

Illustrated notes

Levels and vault maps discovered:
D:        the_violet_keep_of_menkaure [sprint2_stairs_cluster_1,
          sprint2_shoproom, sprint2_temple, sprint2_basic_supplies,
          sprint2_obstacle_6, sprint2_obstacle_4, sprint2_obstacle_3,
          sprint2_obstacle_2, sprint2_obstacle_7, sprint2_timed_cluster_1,
          sprint2_smallroom_cluster_1, sprint2_smallroom_final_cluster_1,
          sprint2_transparent_cluster_1, sprint2_second_timed_cluster_1,
          sprint2_sniper_area_1, sprint2_heavy_combat_area_1,
          sprint2_mutation_trap_area_1, sprint2_forest_area_1,
          sprint2_light_combat_area_1, sprint2_behind_water_1,
          sprint2_near_end_vault_1]

Skill      XL: |  1  2  3  4  5  6  7  8  9 |
---------------+----------------------------+-----
Dodging        | 4 6 7 8 |  8.8
Unarmed Combat | 5 8 10 11 | 11.2
Spellcasting   | 4 5 6 8 |  8.5
Conjurations   | 3 5 7 8 |  8.9
Fire Magic     | 4 6 7 8 |  8.9
Hexes          | 2 4 |  4.0
Invocations    | 3 4 |  4.4
Stealth        | |  2.6

Action                     |  1- 3 |  4- 6 |  7- 9 || total
---------------------------+-------+-------+-------++-------
  Melee: Unarmed           |     3 |     2 |    14 ||    19
         Tentacles         |     2 |     2 |     5 ||     9
         Constrict         |     1 |     1 |     1 ||     3
         Punch             |       |     1 |       ||     1
   Cast: Foxfire           |       |       |    90 ||    90
         Scorch            |       |       |    29 ||    29
         Inner Flame       |       |       |    20 ||    20
         Flame Wave        |       |       |     1 ||     1
    Use: Potion            |     2 |       |     2 ||     4
         Scroll            |       |       |     1 ||     1
 Armour: Skin              |       |     1 |    19 ||    20
  Dodge: Dodged            |     2 |       |    23 ||    25

Table legend: (Time is in decaauts)
 A = Elapsed time spent in this place.
 B = Non-inter-level travel time spent in this place.
 C = Inter-level travel time spent in this place.
 D = Time resting spent in this place.
 E = Time spent auto-exploring this place.
 F = Levels seen in this place.
 G = Mean time per level.
                   A        B        C        D        E       F      G
               +--------+--------+--------+--------+--------+-----+--------+
         Total |   1506 |   1506 |      0 |    881 |      0 |   1 | 1506.0 |
       Dungeon |   1506 |   1506 |      0 |    881 |      0 |   1 | 1506.0 |
               +--------+--------+--------+--------+--------+-----+--------+

Top non-repeatable levels by time:
       D: 1506 daAuts
